 Dungeon Crawl Stone Soup version 0.29-a0-1023-g6ae1a4a2c7 (console) character file.

Game seed: 13481921901419256825

1836 odiv the Magician (level 9, -3/51 HPs)
             Began as an Octopode Air Elementalist on Aug 11, 2022.
             Was a Follower of Sif Muna.
             Slain by a gnoll
             ... wielding a +4 spear
              (8 damage)
             ... on level 7 of the Dungeon.
             The game lasted 00:25:08 (5947 turns).

odiv the Magician (Octopode Air Elementalist)       Turns: 5947, Time: 00:25:09

Health: -3/51      AC:  1    Str:  8    XL:     9   Next: 11%
Magic:  18/18      EV: 13    Int: 21    God:    Sif Muna [*.....]
Gold:   250        SH:  5    Dex: 12    Spells: 17/20 levels left

rFire   . . .      SeeInvis .   a - +2 dagger (venom)
rCold   . . .      Faith    .   y - +0 buckler
rNeg    . . .      Spirit   .   (helmet restricted)
rPois   .          Reflect  .   s - amulet of magic regeneration
rElec   .          Harm     .   (no ring)
rCorr   .          Rampage  .   (no ring)
Will    .....                   (no ring)
Stlth   ++++......              (no ring)
HPRegen 0.17/turn               (no ring)
MPRegen 0.56/turn               (no ring)
                                (no ring)
                                (no ring)

@: lethally poisoned (-3 -> -12), about to teleport
A: almost no armour, amphibious, 8 rings, camouflage 1, gelatinous body 1,
(nimble swimmer 1), tentacles
a: Renounce Religion, Channel Magic


You were on level 7 of the Dungeon.
You worshipped Sif Muna.
Sif Muna was aware of your devotion.
You visited 1 branch of the dungeon, and saw 7 of its levels.

You collected 250 gold pieces.

Inventory:

Hand Weapons
 a - a +2 dagger of venom (weapon)
 b - a +0 mace of protection
 r - a +1 vorpal mace
 D - a +2 morningstar of flaming
 E - a +7 long sword
Missiles
 c - 5 boomerangs
 f - 8 poisoned darts
 o - 6 atropa-tipped darts
 B - a throwing net
Armour
 y - a +0 buckler (worn)
Magical Staves
 i - a staff of earth
Jewellery
 h - an amulet of regeneration
 s - an amulet of magic regeneration (around mantle)
 z - an amulet of faith
Wands
 n - a wand of mindburst (7)
 x - a wand of charming (24)
Scrolls
 d - a scroll of fog {unknown}
 j - a scroll of enchant armour {unknown}
 l - a scroll of noise
 p - 2 scrolls of identify
 q - a scroll of teleportation
 v - a scroll of vulnerability {unknown}
 w - a scroll of blinking
 C - a scroll of immolation {unknown}
Potions
 e - a potion of magic
 g - a potion of berserk rage {unknown}
 k - a potion of attraction {unknown}
 m - 2 potions of flight
 t - a potion of mutation {unknown}
 u - a potion of curing
 A - a potion of ambrosia {unknown}


   Skills:
 + Level 3.8 Dodging
 + Level 5.4 Stealth
 - Level 5.0 Shields
 - Level 6.0 Spellcasting
 + Level 6.0 Conjurations
 - Level 2.0 Summonings
 - Level 1.0 Necromancy
 - Level 3.0 Air Magic


You had 17 spell levels left.
You knew the following spells:

 Your Spells              Type           Power      Damage    Failure   Level
a - Shock                 Conj/Air       100%       1d9       1%          1
b - Summon Small Mammal   Summ           56%        N/A       5%          1
c - Necrotise             Necr           40%        1d6       9%          1

Your spell library contained the following spells:

 Spells                   Type           Power      Damage    Failure   Level
 Static Discharge         Conj/Air       25%        3-7/arc   3%          2
 Dazzling Flash           Conj/Hex       36%        N/A       11%         3
 Swiftness                Air            18%        N/A       11%         3
 Apportation              Tloc           12%        N/A       12%         1
 Airstrike                Air            9%         2d(2-18)  34%         4
 Iskenderun's Mystic Bla  Conj/Tloc      18%        2d6       34%         4
 Starburst                Conj/Fire      9%         6d5       99%         6


Dungeon Overview and Level Annotations

Branches:
Dungeon (7/15)             Temple (0/1) D:6

Altars:
Cheibriados
Hepliaklqana
Ru
Sif Muna

Annotations:
D:2 Jessica, Sigmund, Terence
D:3 exclusion: phantom
D:5 exclusion: ice beast


Innate Abilities, Weirdness & Mutations

You cannot wear most types of armour.
You are amphibious.
You can wear up to eight rings at the same time.
Your skin changes colour to match your surroundings (Stealth+).
Your rubbery body absorbs attacks. (AC +1, EV +1)
((You are camouflaged when in or above water. (Stealth+)))
You have tentacles for arms and can constrict up to eight enemies at once.


Message History

Confirm with . or Enter, or press ? or * to list all spells.
Aiming: Shock (safe; 1% risk of failure)
Press: ? - help, Shift-Dir - straight line, f/p - jelly
Aim: a jelly (lightly wounded, 100% to hit)
The zap hits the jelly!
The jelly is moderately wounded.
Casting: Shock (safe; 1% risk of failure)
Confirm with . or Enter, or press ? or * to list all spells.
Aiming: Shock (safe; 1% risk of failure)
Press: ? - help, Shift-Dir - straight line, f/p - jelly
Aim: a jelly (moderately wounded, 100% to hit)
The zap hits the jelly.
The jelly is heavily wounded.
The jelly hits you. The acid corrodes you!
You are splashed with acid!
The jelly attacks as you move away! The jelly closely misses you.
Found a scroll of amnesia.
You see here a scroll of amnesia.
The jelly attacks as you move away! The jelly hits you.
You are splashed with acid!
* * * LOW HITPOINT WARNING * * *
Blink to where?
Press: ? - help, Dir - move target, p - jelly
Found a stone staircase leading down.
As you read the scroll of blinking, it crumbles to dust.
You are no longer corroded.
An orc comes into view. It is wielding a +0 hand axe.
The orc moves out of view.
The gnoll shouts!
As you read the scroll of teleportation, it crumbles to dust.
You feel strangely unstable. You block the gnoll's attack.
The gnoll attacks as you move away! The gnoll misses you.
The killer bee closely misses you. You block the gnoll's attack.
The killer bee buzzes angrily. x2
The killer bee stings you.
* * * LOW HITPOINT WARNING * * *
You are lethally poisoned!
The killer bee poisons you!
The gnoll hits you from afar with a +4 spear!
You die...

##.# #.....## #.# .## #.
###..##...#...# ..# .. #
##...###. #.#.##.# ##...
.#.####. #.#....# #...
.#.###. . #.##..## #..#
...#.. ..#.##.J###..#
..##.#####.......g...####.
.###.......................
......# .o#.#..@y..y.y....
. ....###
............y..... ...
....# ..#......g........
.... ##..#
.....©...g######.. ....
..#.........#####... . ....
l.#.###...###.©.###.. ###.
..#.. # .... #.. # #####.
.o..# ... . #.


You could see an orc warrior (asleep), a jelly, 4 killer bees and 3 gnolls.

Vanquished Creatures
  Maggie (D:6)
  A water moccasin (D:6)
  4 bullfrogs (D:6)
  3 necrophages
  5 scorpions
  2 wights (D:7)
  A howler monkey (D:6)
  3 orc priests
  A hound (D:5)
  A jelly (D:6)
  4 iguanas
  An orc wizard (D:6)
  7 gnolls (D:4)
  8 adders
  A shadow imp (D:5)
  A white imp (D:5)
  An ufetubus (D:6)
  A worm (D:3)
  4 dart slugs
  8 orcs
  3 ball pythons
  2 endoplasms (D:4)
  4 giant cockroaches (D:1)
  3 goblins
  2 hobgoblins (D:1)
  A kobold (D:1)
  A quokka (D:2)
  A bat (D:2)
  3 frilled lizards
  A rat (D:3)
79 creatures vanquished.

Vanquished Creatures (collateral kills)
  A scorpion (D:4)
  2 orcs (D:5)
3 creatures vanquished.

Vanquished Creatures (others)
  A hound (D:6)
  4 plants (D:6)
  7 toadstools (D:2)
12 creatures vanquished.

Grand Total: 94 creatures vanquished

Notes
Turn   | Place    | Note
-------+----------+-------------------------------------------
     0 | D:1      | odiv the Octopode Air Elementalist began the quest for the
                  | Orb.
     0 | D:1      | Reached XP level 1. HP: 11/11 MP: 3/3
   357 | D:1      | Reached XP level 2. HP: 11/17 MP: 1/5
  1209 | D:2      | Noticed Jessica
  1227 | D:2      | Noticed Terence
  1286 | D:2      | Reached XP level 3. HP: 21/21 MP: 7/7
  1476 | D:2      | Noticed Sigmund
  1625 | D:3      | Found a faded altar of an unknown god.
  1761 | D:3      | Reached XP level 4. HP: 18/27 MP: 6/8
  1887 | D:3      | Found a snail-covered altar of Cheibriados.
  1953 | D:3      | Found a shimmering blue altar of Sif Muna.
  1962 | D:3      | Became a worshipper of Sif Muna the Loreminder
  2007 | D:3      | Noticed a phantom
  2130 | D:4      | Noticed a scorpion
  2134 | D:4      | Killed a scorpion
  2135 | D:4      | Reached XP level 5. HP: 25/31 MP: 6/10
  2137 | D:4      | Learned a level 1 spell: Summon Small Mammal
  2139 | D:4      | Learned a level 1 spell: Necrotise
  2205 | D:4      | Noticed a black bear
  2329 | D:4      | Reached skill level 1 in Shields
  2382 | D:4      | Reached XP level 6. HP: 20/36 MP: 8/11
  2790 | D:5      | Entered Level 5 of the Dungeon
  2822 | D:5      | Noticed an ice beast
  3081 | D:5      | Found a hazy altar of Hepliaklqana.
  3143 | D:5      | Reached skill level 5 in Shields
  3143 | D:5      | Reached XP level 7. HP: 30/41 MP: 6/12
  3292 | D:5      | Reached * piety under Sif Muna
  3769 | D:5      | Reached skill level 1 in Summonings
  3769 | D:5      | Reached skill level 1 in Necromancy
  3998 | D:6      | Found a staircase to the Ecumenical Temple.
  4310 | D:6      | Noticed a cyclops
  4592 | D:6      | Noticed Maggie
  4606 | D:6      | Killed Maggie
  4607 | D:6      | Reached skill level 5 in Spellcasting
  4607 | D:6      | Reached skill level 5 in Conjurations
  4607 | D:6      | Reached XP level 8. HP: 37/46 MP: 13/16
  5478 | D:7      | Reached XP level 9. HP: 42/51 MP: 16/18
  5564 | D:7      | Reached skill level 5 in Stealth
  5787 | D:7      | Found a sacrificial altar of Ru.
  5947 | D:7      | Slain by a gnoll

Illustrated notes

Levels and vault maps discovered:
D:1:      mrwooster_arrival_statue, layout_loops_ring
D:2:      cheibrodos_fertilizer, layout_basic, small_statue_intersection,
          uniq_terence, uniq_jessica, uniq_sigmund
D:3:      layout_rooms, lemuel_doored_altar, mainiacjoe_overflow_catwalk,
          hellmonk_ecumenical_altar_pennies_from_heaven
D:4:      old_forge, layout_basic, minmay_ruptured
D:5:      layout_gridville, old_standard_altar
D:6:      layout_rooms, minmay_temple_entry_gardened_gates,
          lightli_ossuary_entry_decrepit_ruins, biasface_ghost_orc_armoury,
          st_stairs_1, minmay_microvault, uniq_maggie
D:7:      layout_rooms, nemelex_xobeh_ov_fountains_minmay, kennysheep_mini_moat,
          nicolae_ru_great_annihilating_truth, gammafunk_ghost_wrathful_warriors

Skill      XL: |  1  2  3  4  5  6  7  8  9 |
---------------+----------------------------+-----
Conjurations   | 2 3 5 6 |  6.0
Spellcasting   | 3 5 6 |  6.0
Shields        | 2 5 |  5.0
Summonings     | 2 |  2.0
Necromancy     | 1 |  1.0
Stealth        | 4 5 |  5.4
Dodging        | 3 |  3.8
Air Magic      | |  3.0

Action                   |  1- 3 |  4- 6 |  7- 9 || total
-------------------------+-------+-------+-------++-------
Melee: Dagger            |    15 |    17 |    16 ||    48
       Constrict         |     9 |     5 |    12 ||    26
       Unarmed           |     3 |       |       ||     3
       Tentacles         |     3 |     3 |     8 ||    14
       Mace              |     2 |       |    19 ||    21
       Punch             |       |       |     2 ||     2
 Cast: Shock             |    28 |    94 |    94 ||   216
       Summon Small Mamm |       |     2 |    14 ||    16
Evoke: Wand              |       |     1 |    12 ||    13
  Use: Potion            |       |     3 |     3 ||     6
       Scroll            |       |     1 |     8 ||     9
 Stab: Sleeping          |     8 |     2 |     1 ||    11
Armor: Skin              |     3 |       |    11 ||    14
Dodge: Dodged            |    13 |    20 |    72 ||   105
Block: Buckler           |       |     4 |    28 ||    32

Table legend: (Time is in decaauts)
 A = Elapsed time spent in this place.
 B = Non-inter-level travel time spent in this place.
 C = Inter-level travel time spent in this place.
 D = Time resting spent in this place.
 E = Time spent auto-exploring this place.
 F = Levels seen in this place.
 G = Mean time per level.
                   A        B        C        D        E       F      G
               +--------+--------+--------+--------+--------+-----+--------+
         Total |   5961 |   5743 |    218 |   2083 |   2438 |   7 |  851.6 |
       Dungeon |   5961 |   5743 |    218 |   2083 |   2438 |   7 |  851.6 |
               +--------+--------+--------+--------+--------+-----+--------+

Top non-repeatable levels by time:
     D:5: 1849 daAuts
     D:1: 996 daAuts
     D:6: 818 daAuts
     D:4: 677 daAuts
     D:2: 576 daAuts
     D:3: 556 daAuts
     D:7: 486 daAuts
